Long Beach Ice Dogs vs Kelowna Rockets
Created - Thursday, June 8, 2023 at 07:14
Goals
|
| Long Beach Ice Dogs |
0 |
4 |
2 |
6 |
| Kelowna Rockets |
0 |
1 |
0 |
1 |
|
Shots
|
| Long Beach Ice Dogs |
11 |
10 |
14 |
35 |
| Kelowna Rockets |
5 |
18 |
10 |
33 |
|
1st period
No Goal
Penalties :
Mathieu Olivier (TRM) for High sticking (Minor) at 5:21, Jesse Ylonen (KEL) for Tripping (Minor) at 11:12
2nd period
1. Long Beach Ice Dogs , Jansen Harkins 7 (Mathieu Olivier 12, Jujhar Khaira 21) at 0:38
2. Long Beach Ice Dogs , Logan Brown 20 (Trey Fix-Wolansky 10) at 2:46
3. Long Beach Ice Dogs , Gabriel Vilardi 46 (Brendan Gallagher 57, Darren Helm 26) at 5:42 (PP)
4. Long Beach Ice Dogs , Gabriel Vilardi 47 (Brendan Gallagher 58) at 6:51 (PP)
5. Kelowna Rockets , Oskar Steen 27 (Joel Kiviranta 37, Alex Peters 5) at 10:17
Penalties :
Jacob Perreault (KEL) for Hooking (Minor) at 4:29, Joel Kiviranta (KEL) for Hooking (Minor) at 6:40, Arnaud Durandeau (KEL) for Elbowing (Minor) at 11:40, Trey Fix-Wolansky (TRM) for Cross-checking (Minor) at 14:18
3rd period
6. Long Beach Ice Dogs , Alex Galchenyuk 25 (Mathieu Olivier 13, Logan Brown 19) at 5:30
7. Long Beach Ice Dogs , Jujhar Khaira 13 (Justin Schultz 28) at 11:58
Penalties :
Mathieu Olivier (TRM) for Holding (Minor) at 2:55, Givani Smith (KEL) for Holding (Minor) at 8:16
Goalie Stats
Lukas Dostal (TRM), 32 saves from 33 shots - (0.970), W, 12-12-2, 60:00 minutes
Justus Annunen (KEL), 15 saves from 19 shots - (0.789), L, 9-14-3, 26:51 minutes
Eetu Makiniemi (KEL), 14 saves from 16 shots - (0.875), 33:09 minutes
Players Stats for Long Beach Ice Dogs
Player Name G A P +/- PIM S H SB GA TA FO MP PP MP PK MP
------------------------------------------------------------------------------------
Alex Galchenyuk 1 0 1 0 0 3 1 0 0 0 0/0 16:03 3:43 0:05
Brendan Gallagher 0 2 2 0 0 4 6 1 0 1 0/5 20:30 3:38 3:09
Darren Helm 0 1 1 0 0 0 1 1 1 0 0/2 20:17 3:38 3:09
Dysin Mayo 0 0 0 1 0 2 2 0 0 2 0/0 24:03 3:52 3:12
Gabriel Vilardi 2 0 2 0 0 9 3 1 1 0 12/31 21:51 3:38 2:29
Janis Moser 0 0 0 1 0 0 0 3 0 2 0/0 22:10 3:29 2:45
Jansen Harkins 1 0 1 2 0 4 0 0 0 0 0/0 10:47 0:00 0:00
Jujhar Khaira 1 1 2 2 0 2 1 0 2 1 5/5 10:46 0:00 0:00
Justin Schultz 0 1 1 1 0 1 0 0 1 0 0/0 24:03 3:52 3:12
Logan Brown 1 1 2 2 0 4 1 0 0 0 4/7 9:01 0:00 0:22
Mathieu Olivier 0 2 2 3 4 2 3 1 0 0 1/1 11:22 0:00 0:00
Olli Juolevi 0 0 0 1 0 1 0 0 0 0 0/0 13:47 0:00 0:00
Riley Stillman 0 0 0 1 0 1 2 2 0 0 0/0 22:10 3:29 2:45
Shane Bowers 0 0 0 1 0 0 1 0 0 0 0/0 8:05 0:00 0:00
Trey Fix-Wolansky 0 1 1 1 2 1 3 0 0 1 0/0 10:02 0:00 0:00
Victor Rask 0 0 0 -1 0 0 1 1 3 0 5/12 20:10 3:43 2:40
William Lagesson 0 0 0 1 0 0 2 1 0 0 0/0 13:47 0:00 0:00
Zack Kassian 0 0 0 -1 0 1 0 0 0 0 1/2 15:06 3:43 0:00
Players Stats for Kelowna Rockets
Player Name G A P +/- PIM S H SB GA TA FO MP PP MP PK MP
------------------------------------------------------------------------------------
Alex Peters 0 1 1 1 0 0 0 0 0 1 0/0 10:38 0:00 0:42
Arnaud Durandeau 0 0 0 0 2 0 1 0 0 0 0/0 2:34 0:00 0:00
Cale Fleury 0 0 0 -1 0 2 2 4 0 0 0/0 27:42 3:20 4:32
Givani Smith 0 0 0 -2 2 1 1 1 1 0 0/1 12:53 0:00 0:00
Jack Drury 0 0 0 -2 0 0 2 1 1 0 3/7 14:38 0:00 1:48
Jacob Perreault 0 0 0 -2 2 1 3 1 0 1 1/2 13:08 0:00 0:18
Jasper Weatherby 0 0 0 0 0 9 3 1 1 0 1/2 24:41 3:21 4:00
Jesse Ylonen 0 0 0 0 2 4 2 1 2 0 1/2 19:51 3:21 1:17
Joe Gambardella 0 0 0 0 0 0 0 0 0 0 0/0 0:00 0:00 0:00
Joel Kiviranta 0 1 1 -1 2 2 0 0 0 0 0/0 19:05 2:36 0:28
Lucas Johansen 0 0 0 -3 0 0 1 3 0 1 0/0 22:22 2:37 2:49
Matias Maccelli 0 0 0 -1 0 4 1 1 0 0 1/1 21:08 2:36 2:47
Max Lajoie 0 0 0 -1 0 3 0 2 0 2 0/0 28:27 3:20 3:19
Maxence Guenette 0 0 0 -3 0 1 1 1 0 3 0/0 20:55 2:37 3:20
Oskar Steen 1 0 1 -1 0 2 2 1 1 0 4/11 18:35 2:36 0:00
Oskari Laaksonen 0 0 0 1 0 0 0 0 0 0 0/0 9:56 0:00 0:00
Roby Jarventie 0 0 0 0 0 0 0 0 0 0 0/0 0:58 0:00 0:00
Ty Dellandrea 0 0 0 0 0 4 2 1 1 0 26/39 25:03 3:21 4:04
3 Stars
1 - Gabriel Vilardi (TRM)
2 - Lukas Dostal (TRM)
3 - Jujhar Khaira (TRM)
Power Play
Long Beach Ice Dogs - 2 on 5 Attempt(s) - 40.00%
Kelowna Rockets - 0 on 3 Attempt(s) - 0.00%
Penalty Kill
Long Beach Ice Dogs - 3 on 3 Attempt(s) - 100.00%
- Score 0 goal in Penalty Kill
Kelowna Rockets - 3 on 5 Attempt(s) - 60.00%
- Score 0 goal in Penalty Kill
Team Stat
Long Beach Ice Dogs - Hits : 27 - Faceoff Wins : 28 - Blocked Shots : 11 - Penalty Minutes : 6
Kelowna Rockets - Hits : 21 - Faceoff Wins : 37 - Blocked Shots : 18 - Penalty Minutes : 10
Official
Referees : TJ Luxmore and Evgeny Romasko
Linesman : Brian Mach and John Grandt
Game Notes
Eetu Makiniemi enters game at 6:51 of 2nd period
Long Beach Ice Dogs
5 vs 5 Forward
Center Left Wing Right Wing Time % Phy DF OF
1 Gabriel Vilardi Darren Helm Brendan Gallagher 30 1 2 2
2 Victor Rask Alex Galchenyuk Zack Kassian 30 1 2 2
3 Jujhar Khaira Jansen Harkins Mathieu Olivier 25 1 2 2
4 Logan Brown Shane Bowers Trey Fix-Wolansky 15 1 2 2
5 vs 5 Defense
Defense Defense Time % Phy DF OF
1 Dysin Mayo Justin Schultz 35 1 2 2
2 Riley Stillman Janis Moser 35 1 2 2
3 William Lagesson Olli Juolevi 30 1 2 2
4 Dysin Mayo Justin Schultz 0 1 2 2
PowerPlay Forward
Center Left Wing Right Wing Time % Phy DF OF
1 Gabriel Vilardi Darren Helm Brendan Gallagher 50 1 2 2
2 Victor Rask Alex Galchenyuk Zack Kassian 50 1 2 2
PowerPlay Defense
Defense Defense Time % Phy DF OF
1 Dysin Mayo Justin Schultz 50 1 2 2
2 Riley Stillman Janis Moser 50 1 2 2
Penalty Kill 4 Players Forward
Center Wing Time % Phy DF OF
1 Brendan Gallagher Darren Helm 50 1 2 2
2 Gabriel Vilardi Victor Rask 50 1 2 2
Penalty Kill 4 Players Defense
Defense Defense Time % Phy DF OF
1 Dysin Mayo Justin Schultz 50 1 2 2
2 Riley Stillman Janis Moser 50 1 2 2
Penalty Kill - 3 Players Forward
Forward Time % Phy DF OF
1 Brendan Gallagher 50 1 2 2
2 Darren Helm 50 1 2 2
Penalty Kill - 3 Players Defense
Defense Defense Time % Phy DF OF
1 Dysin Mayo Justin Schultz 50 1 2 2
2 Riley Stillman Janis Moser 50 1 2 2
4 vs 4 Forward
Center Wing Time % Phy DF OF
1 Brendan Gallagher Darren Helm 50 1 2 2
2 Gabriel Vilardi Victor Rask 50 1 2 2
4 vs 4 Defense
Defense Defense Time % Phy DF OF
1 Dysin Mayo Justin Schultz 50 1 2 2
2 Riley Stillman Janis Moser 50 1 2 2
Last Minutes Offensive
Center Left Wing Right Wing Defense Defense
Gabriel Vilardi Darren Helm Brendan Gallagher Dysin Mayo Justin Schultz
Last Minutes Defensive
Center Left Wing Right Wing Defense Defense
Gabriel Vilardi Darren Helm Brendan Gallagher Dysin Mayo Justin Schultz
Goaltenders
Starting : Lukas Dostal
Backup : Akira Schmid
Extra Forwards
Normal : Shane Bowers, Jujhar Khaira, Logan Brown - PP : Shane Bowers, Jujhar Khaira - PK : Logan Brown
Extra Defensemen
Normal : William Lagesson, Olli Juolevi, Riley Stillman - PP : William Lagesson - PK : Olli Juolevi, Riley Stillman
Penalty Shots
Brendan Gallagher, Darren Helm, Gabriel Vilardi, Victor Rask, Alex Galchenyuk
Kelowna Rockets
5 vs 5 Forward
Center Left Wing Right Wing Time % Phy DF OF
1 Ty Dellandrea Jasper Weatherby Jesse Ylonen 40 1 2 2
2 Oskar Steen Matias Maccelli Joel Kiviranta 30 1 2 2
3 Jack Drury Givani Smith Jacob Perreault 20 1 2 2
4 Ty Dellandrea Arnaud Durandeau Jasper Weatherby 10 1 2 2
5 vs 5 Defense
Defense Defense Time % Phy DF OF
1 Cale Fleury Max Lajoie 40 1 2 2
2 Lucas Johansen Maxence Guenette 30 1 2 2
3 Alex Peters Oskari Laaksonen 20 1 2 2
4 Max Lajoie Lucas Johansen 10 1 2 2
PowerPlay Forward
Center Left Wing Right Wing Time % Phy DF OF
1 Ty Dellandrea Jasper Weatherby Jesse Ylonen 60 1 2 2
2 Oskar Steen Matias Maccelli Joel Kiviranta 40 1 2 2
PowerPlay Defense
Defense Defense Time % Phy DF OF
1 Cale Fleury Max Lajoie 60 1 2 2
2 Lucas Johansen Maxence Guenette 40 1 2 2
Penalty Kill 4 Players Forward
Center Wing Time % Phy DF OF
1 Ty Dellandrea Jasper Weatherby 60 1 2 2
2 Jesse Ylonen Matias Maccelli 40 1 2 2
Penalty Kill 4 Players Defense
Defense Defense Time % Phy DF OF
1 Cale Fleury Max Lajoie 60 1 2 2
2 Lucas Johansen Maxence Guenette 40 1 2 2
Penalty Kill - 3 Players Forward
Forward Time % Phy DF OF
1 Ty Dellandrea 60 1 2 2
2 Jasper Weatherby 40 1 2 2
Penalty Kill - 3 Players Defense
Defense Defense Time % Phy DF OF
1 Cale Fleury Max Lajoie 60 1 2 2
2 Lucas Johansen Maxence Guenette 40 1 2 2
4 vs 4 Forward
Center Wing Time % Phy DF OF
1 Ty Dellandrea Jasper Weatherby 60 1 2 2
2 Jesse Ylonen Matias Maccelli 40 1 2 2
4 vs 4 Defense
Defense Defense Time % Phy DF OF
1 Cale Fleury Max Lajoie 60 1 2 2
2 Lucas Johansen Maxence Guenette 40 1 2 2
Last Minutes Offensive
Center Left Wing Right Wing Defense Defense
Ty Dellandrea Jasper Weatherby Jesse Ylonen Cale Fleury Max Lajoie
Last Minutes Defensive
Center Left Wing Right Wing Defense Defense
Ty Dellandrea Jasper Weatherby Jesse Ylonen Cale Fleury Max Lajoie
Goaltenders
Starting : Justus Annunen
Backup : Eetu Makiniemi
Extra Forwards
Normal : Roby Jarventie, Ty Dellandrea, Jack Drury - PP : Roby Jarventie, Ty Dellandrea - PK : Jack Drury
Extra Defensemen
Normal : Max Lajoie, Maxence Guenette, Cale Fleury - PP : Cale Fleury - PK : Maxence Guenette, Cale Fleury
Penalty Shots
Ty Dellandrea, Jasper Weatherby, Jesse Ylonen, Matias Maccelli, Oskar Steen
% Time on Ice - Long Beach Ice Dogs
Lines # - Real PCT - Wanted PCT - Time Play
Normal Forward
1 - 29% - 30% - 13:21
2 - 31% - 30% - 14:23
3 - 24% - 25% - 11:18
4 - 16% - 15% - 7:40
Normal Defense
1 - 35% - 35% - 16:19
2 - 34% - 35% - 15:56
3 - 30% - 30% - 13:47
4 - 1% - 0% - 0:40
PP Forward
1 - 49% - 50% - 3:38
2 - 51% - 50% - 3:43
PP Defense
1 - 53% - 50% - 3:52
2 - 47% - 50% - 3:29
PK Forward
1 - 53% - 50% - 3:09
2 - 47% - 50% - 2:48
PK Defense
1 - 54% - 50% - 3:12
2 - 46% - 50% - 2:45
PK3 Forward
1 - 0% - 50%
2 - 0% - 50%
PK3 Defense
1 - 0% - 50%
2 - 0% - 50%
44 Forward
1 - 0% - 50%
2 - 0% - 50%
44 Defense
1 - 0% - 50%
2 - 0% - 50%
Last Minute Offensive - 0:00
Last Minute Defensive - 0:00
Total
Forward - 60:00
Defense - 60:00
|
% Time on Ice - Kelowna Rockets
Lines # - Real PCT - Wanted PCT - Time Play
Normal Forward
1 - 32% - 40% - 15:06
2 - 35% - 30% - 16:10
3 - 28% - 20% - 12:51
4 - 6% - 10% - 2:35
Normal Defense
1 - 42% - 40% - 19:50
2 - 32% - 30% - 14:58
3 - 21% - 20% - 9:56
4 - 4% - 10% - 1:58
PP Forward
1 - 56% - 60% - 3:21
2 - 44% - 40% - 2:36
PP Defense
1 - 56% - 60% - 3:20
2 - 44% - 40% - 2:37
PK Forward
1 - 75% - 60% - 5:30
2 - 25% - 40% - 1:51
PK Defense
1 - 62% - 60% - 4:32
2 - 38% - 40% - 2:49
PK3 Forward
1 - 0% - 60%
2 - 0% - 40%
PK3 Defense
1 - 0% - 60%
2 - 0% - 40%
44 Forward
1 - 0% - 60%
2 - 0% - 40%
44 Defense
1 - 0% - 60%
2 - 0% - 40%
Last Minute Offensive - 0:00
Last Minute Defensive - 0:00
Total
Forward - 60:00
Defense - 60:00
|
Play-by-Play
1st period
0:01 of 1st period - Ty Dellandrea wins face-off versus Gabriel Vilardi in neutral zone.
0:29 of 1st period - Alex Galchenyuk is hit by Cale Fleury and loses puck.
1:33 of 1st period - Trey Fix-Wolansky is hit by Lucas Johansen and loses puck.
2:34 of 1st period - Logan Brown is hit by Jasper Weatherby and loses puck.
4:15 of 1st period - Snap shot by Jujhar Khaira.
4:15 of 1st period - Shot Blocked by Jack Drury.
4:17 of 1st period - Snap shot by Alex Galchenyuk.
4:17 of 1st period - Stopped by Justus Annunen with a rebound.
4:19 of 1st period - Slapshot by Dysin Mayo.
4:19 of 1st period - Stopped by Justus Annunen without a rebound.
4:20 of 1st period - Jack Drury wins face-off versus Victor Rask in Kelowna Rockets zone.
5:15 of 1st period - Slapshot by Ty Dellandrea.
5:15 of 1st period - Shot Blocked by William Lagesson.
5:21 of 1st period - Minor Penalty to Mathieu Olivier for High sticking.
5:22 of 1st period - Ty Dellandrea wins face-off versus Brendan Gallagher in Long Beach Ice Dogs zone.
5:29 of 1st period - Backhand shot by Jesse Ylonen.
5:29 of 1st period - Stopped by Lukas Dostal without a rebound.
5:30 of 1st period - Ty Dellandrea wins face-off versus Brendan Gallagher in Long Beach Ice Dogs zone.
5:55 of 1st period - Oskar Steen is hit by Victor Rask and loses puck.
6:04 of 1st period - Slapshot by Oskar Steen.
6:04 of 1st period - Shot Misses the Net.
6:30 of 1st period - Riley Stillman is hit by Jesse Ylonen and loses puck.
7:21 of 1st period - Penalty to Mathieu Olivier is over, Mathieu Olivier is back on ice.
7:29 of 1st period - Snap shot by Jansen Harkins.
7:29 of 1st period - Stopped by Justus Annunen with a rebound.
7:31 of 1st period - Slapshot by Riley Stillman.
7:31 of 1st period - Shot Blocked by Jacob Perreault.
7:33 of 1st period - Slapshot by Janis Moser.
7:33 of 1st period - Deflect By Jansen Harkins.
7:33 of 1st period - Shot Blocked by Lucas Johansen.
7:33 of 1st period - Puck is out of play.
7:34 of 1st period - Logan Brown wins face-off versus Jack Drury in Kelowna Rockets zone.
7:35 of 1st period - Wrist shot by Trey Fix-Wolansky.
7:35 of 1st period - Stopped by Justus Annunen with a rebound.
7:59 of 1st period - William Lagesson is hit by Ty Dellandrea and loses puck.
8:48 of 1st period - Wrist shot by Logan Brown.
8:48 of 1st period - Deflect By Trey Fix-Wolansky.
8:48 of 1st period - Shot Misses the Net.
8:48 of 1st period - Puck is out of play.
8:49 of 1st period - Matias Maccelli wins face-off versus Logan Brown in Kelowna Rockets zone.
8:49 of 1st period - Matias Maccelli is hit by Logan Brown.
9:37 of 1st period - Wrist shot by Jasper Weatherby.
9:37 of 1st period - Shot Misses the Net.
10:05 of 1st period - Wrist shot by Jansen Harkins.
10:05 of 1st period - Stopped by Justus Annunen without a rebound.
10:06 of 1st period - Ty Dellandrea wins face-off versus Gabriel Vilardi in Kelowna Rockets zone.
10:06 of 1st period - Ty Dellandrea is hit by Gabriel Vilardi.
10:20 of 1st period - Wrist shot by Jesse Ylonen.
10:20 of 1st period - Stopped by Lukas Dostal with a rebound.
10:22 of 1st period - Snap shot by Ty Dellandrea.
10:22 of 1st period - Shot Blocked by Janis Moser.
10:32 of 1st period - Victor Rask is hit by Cale Fleury and loses puck.
10:53 of 1st period - Oskari Laaksonen is hit by Mathieu Olivier and loses puck.
11:02 of 1st period - Snap shot by Mathieu Olivier.
11:02 of 1st period - Shot Misses the Net.
11:04 of 1st period - Slapshot by Jansen Harkins.
11:04 of 1st period - Deflect By Jujhar Khaira.
11:04 of 1st period - Shot Misses the Net.
11:04 of 1st period - Puck is out of play.
11:05 of 1st period - Gabriel Vilardi wins face-off versus Ty Dellandrea in Kelowna Rockets zone.
11:10 of 1st period - Snap shot by Brendan Gallagher.
11:10 of 1st period - Shot Misses the Net.
11:12 of 1st period - Minor Penalty to Jesse Ylonen for Tripping.
11:13 of 1st period - Ty Dellandrea wins face-off versus Gabriel Vilardi in Kelowna Rockets zone.
11:13 of 1st period - Ty Dellandrea is hit by Gabriel Vilardi.
11:29 of 1st period - Wrist shot by Brendan Gallagher.
11:29 of 1st period - Shot Misses the Net.
11:59 of 1st period - Slapshot by Ty Dellandrea.
11:59 of 1st period - Shot Misses the Net.
12:52 of 1st period - Icing by Victor Rask.
12:53 of 1st period - Victor Rask wins face-off versus Jacob Perreault in Long Beach Ice Dogs zone.
13:12 of 1st period - Penalty to Jesse Ylonen is over, Jesse Ylonen is back on ice.
13:18 of 1st period - Maxence Guenette is hit by Brendan Gallagher.
13:30 of 1st period - Snap shot by Jujhar Khaira.
13:30 of 1st period - Shot Misses the Net.
13:32 of 1st period - Slapshot by William Lagesson.
13:32 of 1st period - Shot Misses the Net.
13:34 of 1st period - Wrist shot by Jujhar Khaira.
13:34 of 1st period - Shot Misses the Net.
13:36 of 1st period - Slapshot by William Lagesson.
13:36 of 1st period - Shot Blocked by Maxence Guenette.
13:38 of 1st period - Wrist shot by Mathieu Olivier.
13:38 of 1st period - Stopped by Justus Annunen without a rebound.
13:39 of 1st period - Ty Dellandrea wins face-off versus Logan Brown in Kelowna Rockets zone.
14:04 of 1st period - Alex Galchenyuk is hit by Jack Drury and loses puck.
14:31 of 1st period - Jansen Harkins is hit by Jesse Ylonen and loses puck.
14:56 of 1st period - Snap shot by Brendan Gallagher.
14:56 of 1st period - Stopped by Justus Annunen with a rebound.
15:34 of 1st period - Backhand shot by Logan Brown.
15:34 of 1st period - Stopped by Justus Annunen without a rebound.
15:35 of 1st period - Gabriel Vilardi wins face-off versus Ty Dellandrea in Kelowna Rockets zone.
15:40 of 1st period - Slapshot by Gabriel Vilardi.
15:40 of 1st period - Shot Misses the Net.
15:42 of 1st period - Snap shot by Gabriel Vilardi.
15:42 of 1st period - Shot Blocked by Ty Dellandrea.
15:44 of 1st period - Snap shot by Gabriel Vilardi.
15:44 of 1st period - Stopped by Justus Annunen with a rebound.
15:46 of 1st period - Slapshot by Dysin Mayo.
15:46 of 1st period - Shot Blocked by Lucas Johansen.
15:48 of 1st period - Snap shot by Gabriel Vilardi.
15:48 of 1st period - Stopped by Justus Annunen with a rebound.
15:50 of 1st period - Wrist shot by Gabriel Vilardi.
15:50 of 1st period - Shot Misses the Net.
16:00 of 1st period - Jesse Ylonen is hit by Dysin Mayo and loses puck.
16:17 of 1st period - Snap shot by Ty Dellandrea.
16:17 of 1st period - Stopped by Lukas Dostal with a rebound.
16:19 of 1st period - Slapshot by Jasper Weatherby.
16:19 of 1st period - Stopped by Lukas Dostal without a rebound.
16:20 of 1st period - Victor Rask wins face-off versus Oskar Steen in Long Beach Ice Dogs zone.
16:20 of 1st period - Victor Rask is hit by Matias Maccelli.
16:30 of 1st period - Wrist shot by Alex Galchenyuk.
16:30 of 1st period - Shot Misses the Net.
17:08 of 1st period - Oskar Steen is hit by William Lagesson and loses puck.
17:36 of 1st period - Wrist shot by Trey Fix-Wolansky.
17:36 of 1st period - Shot Misses the Net.
18:05 of 1st period - Jesse Ylonen is hit by Brendan Gallagher and loses puck.
18:14 of 1st period - Wrist shot by Gabriel Vilardi.
18:14 of 1st period - Shot Misses the Net.
18:16 of 1st period - Wrist shot by Brendan Gallagher.
18:16 of 1st period - Stopped by Justus Annunen with a rebound.
19:14 of 1st period - Off-side.
19:15 of 1st period - Logan Brown wins face-off versus Ty Dellandrea in neutral zone.
19:19 of 1st period - Off-side.
19:20 of 1st period - Ty Dellandrea wins face-off versus Gabriel Vilardi in neutral zone.
19:55 of 1st period - Snap shot by Ty Dellandrea.
19:55 of 1st period - Shot Blocked by Mathieu Olivier.
19:57 of 1st period - Wrist shot by Jasper Weatherby.
19:57 of 1st period - Shot Misses the Net.
19:59 of 1st period - Wrist shot by Ty Dellandrea.
19:59 of 1st period - Stopped by Lukas Dostal with a rebound.
Goals for this period are 0 for Long Beach Ice Dogs vs 0 for Kelowna Rockets.
Shots for this period are 11 for Long Beach Ice Dogs vs 5 for Kelowna Rockets.
2nd period
0:01 of 2nd period - Zack Kassian wins face-off versus Ty Dellandrea in neutral zone.
0:26 of 2nd period - Cale Fleury is hit by Mathieu Olivier and loses puck.
0:36 of 2nd period - Wrist shot by Mathieu Olivier.
0:36 of 2nd period - Stopped by Justus Annunen with a rebound.
0:38 of 2nd period - Wrist shot by Jansen Harkins.
0:38 of 2nd period - Goal by Jansen Harkins - Long Beach Ice Dogs : 1 - Kelowna Rockets : 0.
0:39 of 2nd period - Jasper Weatherby wins face-off versus Gabriel Vilardi in neutral zone.
0:44 of 2nd period - Snap shot by Jesse Ylonen.
0:44 of 2nd period - Stopped by Lukas Dostal with a rebound.
0:46 of 2nd period - Slapshot by Jasper Weatherby.
0:46 of 2nd period - Stopped by Lukas Dostal without a rebound.
0:47 of 2nd period - Ty Dellandrea wins face-off versus Gabriel Vilardi in Long Beach Ice Dogs zone.
0:48 of 2nd period - Slapshot by Jasper Weatherby.
0:48 of 2nd period - Shot Misses the Net.
0:50 of 2nd period - Wrist shot by Jesse Ylonen.
0:50 of 2nd period - Stopped by Lukas Dostal without a rebound.
0:51 of 2nd period - Ty Dellandrea wins face-off versus Victor Rask in Long Beach Ice Dogs zone.
1:16 of 2nd period - Cale Fleury is hit by Trey Fix-Wolansky and loses puck.
1:23 of 2nd period - Wrist shot by Logan Brown.
1:23 of 2nd period - Shot Misses the Net.
1:29 of 2nd period - Snap shot by Logan Brown.
1:29 of 2nd period - Stopped by Justus Annunen with a rebound.
1:39 of 2nd period - Wrist shot by Jansen Harkins.
1:39 of 2nd period - Deflect By Mathieu Olivier.
1:39 of 2nd period - Shot Blocked by Jesse Ylonen.
1:39 of 2nd period - Puck is out of play.
1:40 of 2nd period - Jujhar Khaira wins face-off versus Oskar Steen in Kelowna Rockets zone.
2:05 of 2nd period - Gabriel Vilardi is hit by Jack Drury and loses puck.
2:24 of 2nd period - Snap shot by Logan Brown.
2:24 of 2nd period - Shot Misses the Net.
2:26 of 2nd period - Slapshot by Olli Juolevi.
2:26 of 2nd period - Deflect By Jack Drury.
2:26 of 2nd period - Stopped by Justus Annunen without a rebound.
2:27 of 2nd period - Logan Brown wins face-off versus Oskar Steen in Kelowna Rockets zone.
2:30 of 2nd period - Wrist shot by Logan Brown.
2:30 of 2nd period - Stopped by Justus Annunen without a rebound.
2:31 of 2nd period - Oskar Steen wins face-off versus Logan Brown in Kelowna Rockets zone.
2:44 of 2nd period - Snap shot by Logan Brown.
2:44 of 2nd period - Shot Blocked by Oskar Steen.
2:46 of 2nd period - Wrist shot by Logan Brown.
2:46 of 2nd period - Goal by Logan Brown - Long Beach Ice Dogs : 2 - Kelowna Rockets : 0.
2:47 of 2nd period - Ty Dellandrea wins face-off versus Victor Rask in neutral zone.
3:00 of 2nd period - Wrist shot by Jesse Ylonen.
3:00 of 2nd period - Shot Misses the Net.
3:02 of 2nd period - Slapshot by Jasper Weatherby.
3:02 of 2nd period - Stopped by Lukas Dostal with a rebound.
3:54 of 2nd period - Max Lajoie is hit by Riley Stillman and loses puck.
4:05 of 2nd period - Shane Bowers is hit by Jacob Perreault.
4:29 of 2nd period - Minor Penalty to Jacob Perreault for Hooking.
4:30 of 2nd period - Victor Rask wins face-off versus Ty Dellandrea in Kelowna Rockets zone.
4:31 of 2nd period - Snap shot by Zack Kassian.
4:31 of 2nd period - Shot Misses the Net.
4:33 of 2nd period - Slapshot by Zack Kassian.
4:33 of 2nd period - Shot Misses the Net.
5:06 of 2nd period - Off-side.
5:07 of 2nd period - Jesse Ylonen wins face-off versus Victor Rask in neutral zone.
5:42 of 2nd period - Snap shot by Brendan Gallagher.
5:42 of 2nd period - Deflect By Gabriel Vilardi.
5:42 of 2nd period - Goal by Gabriel Vilardi - Long Beach Ice Dogs : 3 - Kelowna Rockets : 0.
5:43 of 2nd period - Ty Dellandrea wins face-off versus Gabriel Vilardi in neutral zone.
5:46 of 2nd period - Gabriel Vilardi is hit by Ty Dellandrea and loses puck.
6:10 of 2nd period - Icing by Victor Rask.
6:11 of 2nd period - Oskar Steen wins face-off versus Victor Rask in Long Beach Ice Dogs zone.
6:12 of 2nd period - Slapshot by Matias Maccelli.
6:12 of 2nd period - Shot Misses the Net.
6:14 of 2nd period - Slapshot by Oskar Steen.
6:14 of 2nd period - Stopped by Lukas Dostal without a rebound.
6:15 of 2nd period - Gabriel Vilardi wins face-off versus Oskar Steen in Long Beach Ice Dogs zone.
6:15 of 2nd period - Gabriel Vilardi is hit by Oskar Steen.
6:29 of 2nd period - Wrist shot by Oskar Steen.
6:29 of 2nd period - Shot Misses the Net.
6:40 of 2nd period - Minor Penalty to Joel Kiviranta for Hooking.
6:41 of 2nd period - Ty Dellandrea wins face-off versus Darren Helm in Kelowna Rockets zone.
6:49 of 2nd period - Snap shot by Brendan Gallagher.
6:49 of 2nd period - Shot Misses the Net.
6:51 of 2nd period - Slapshot by Gabriel Vilardi.
6:51 of 2nd period - Goal by Gabriel Vilardi - Long Beach Ice Dogs : 4 - Kelowna Rockets : 0.
6:51 of 2nd period - Eetu Makiniemi enters game.
6:52 of 2nd period - Ty Dellandrea wins face-off versus Victor Rask in neutral zone.
6:59 of 2nd period - Slapshot by Ty Dellandrea.
6:59 of 2nd period - Shot Misses the Net.
7:01 of 2nd period - Snap shot by Jesse Ylonen.
7:01 of 2nd period - Shot Misses the Net.
7:03 of 2nd period - Snap shot by Max Lajoie.
7:03 of 2nd period - Stopped by Lukas Dostal with a rebound.
7:05 of 2nd period - Slapshot by Jasper Weatherby.
7:05 of 2nd period - Stopped by Lukas Dostal without a rebound.
7:06 of 2nd period - Gabriel Vilardi wins face-off versus Ty Dellandrea in Long Beach Ice Dogs zone.
7:19 of 2nd period - Wrist shot by Brendan Gallagher.
7:19 of 2nd period - Shot Misses the Net.
7:33 of 2nd period - Max Lajoie is hit by Alex Galchenyuk and loses puck.
7:52 of 2nd period - Matias Maccelli is hit by Trey Fix-Wolansky and loses puck.
8:09 of 2nd period - Slapshot by Matias Maccelli.
8:09 of 2nd period - Stopped by Lukas Dostal with a rebound.
8:11 of 2nd period - Wrist shot by Matias Maccelli.
8:11 of 2nd period - Stopped by Lukas Dostal with a rebound.
8:13 of 2nd period - Slapshot by Oskar Steen.
8:13 of 2nd period - Shot Blocked by Janis Moser.
8:15 of 2nd period - Slapshot by Matias Maccelli.
8:15 of 2nd period - Shot Misses the Net.
8:17 of 2nd period - Slapshot by Oskar Steen.
8:17 of 2nd period - Deflect By Matias Maccelli.
8:17 of 2nd period - Shot Misses the Net.
8:17 of 2nd period - Puck is out of play.
8:18 of 2nd period - Ty Dellandrea wins face-off versus Gabriel Vilardi in Long Beach Ice Dogs zone.
8:19 of 2nd period - Slapshot by Jasper Weatherby.
8:19 of 2nd period - Stopped by Lukas Dostal with a rebound.
8:21 of 2nd period - Slapshot by Maxence Guenette.
8:21 of 2nd period - Shot Misses the Net.
8:31 of 2nd period - Ty Dellandrea is hit by Brendan Gallagher and loses puck.
8:46 of 2nd period - Wrist shot by Givani Smith.
8:46 of 2nd period - Shot Blocked by Victor Rask.
10:03 of 2nd period - Icing by Oskari Laaksonen.
10:04 of 2nd period - Victor Rask wins face-off versus Oskar Steen in Kelowna Rockets zone.
10:07 of 2nd period - Wrist shot by Zack Kassian.
10:07 of 2nd period - Stopped by Eetu Makiniemi with a rebound.
10:17 of 2nd period - Snap shot by Oskar Steen.
10:17 of 2nd period - Goal by Oskar Steen - Long Beach Ice Dogs : 4 - Kelowna Rockets : 1.
10:18 of 2nd period - Ty Dellandrea wins face-off versus Gabriel Vilardi in neutral zone.
10:23 of 2nd period - Snap shot by Max Lajoie.
10:23 of 2nd period - Deflect By Jasper Weatherby.
10:23 of 2nd period - Stopped by Lukas Dostal without a rebound.
10:24 of 2nd period - Gabriel Vilardi wins face-off versus Ty Dellandrea in Long Beach Ice Dogs zone.
11:33 of 2nd period - Snap shot by Ty Dellandrea.
11:33 of 2nd period - Stopped by Lukas Dostal with a rebound.
11:40 of 2nd period - Minor Penalty to Arnaud Durandeau for Elbowing.
11:41 of 2nd period - Victor Rask wins face-off versus Jasper Weatherby in Kelowna Rockets zone.
11:43 of 2nd period - Snap shot by Zack Kassian.
11:43 of 2nd period - Shot Misses the Net.
13:40 of 2nd period - Penalty to Arnaud Durandeau is over, Arnaud Durandeau is back on ice.
13:56 of 2nd period - Snap shot by Jansen Harkins.
13:56 of 2nd period - Shot Blocked by Cale Fleury.
14:10 of 2nd period - Snap shot by Jacob Perreault.
14:10 of 2nd period - Stopped by Lukas Dostal with a rebound.
14:18 of 2nd period - Minor Penalty to Trey Fix-Wolansky for Cross-checking.
14:19 of 2nd period - Ty Dellandrea wins face-off versus Brendan Gallagher in Long Beach Ice Dogs zone.
14:28 of 2nd period - Backhand shot by Ty Dellandrea.
14:28 of 2nd period - Shot Misses the Net.
14:30 of 2nd period - Snap shot by Jesse Ylonen.
14:30 of 2nd period - Shot Blocked by Riley Stillman.
14:32 of 2nd period - Slapshot by Jasper Weatherby.
14:32 of 2nd period - Shot Misses the Net.
14:34 of 2nd period - Slapshot by Maxence Guenette.
14:34 of 2nd period - Shot Blocked by Brendan Gallagher.
14:50 of 2nd period - Slapshot by Joel Kiviranta.
14:50 of 2nd period - Stopped by Lukas Dostal with a rebound.
14:52 of 2nd period - Backhand shot by Maxence Guenette.
14:52 of 2nd period - Deflect By Gabriel Vilardi.
14:52 of 2nd period - Stopped by Lukas Dostal without a rebound.
14:53 of 2nd period - Gabriel Vilardi wins face-off versus Jesse Ylonen in Long Beach Ice Dogs zone.
15:16 of 2nd period - Gabriel Vilardi is hit by Jasper Weatherby and loses puck.
15:30 of 2nd period - Icing by Cale Fleury.
15:31 of 2nd period - Ty Dellandrea wins face-off versus Brendan Gallagher in Kelowna Rockets zone.
15:38 of 2nd period - Wrist shot by Darren Helm.
15:38 of 2nd period - Shot Blocked by Cale Fleury.
15:45 of 2nd period - Off-side.
15:46 of 2nd period - Oskar Steen wins face-off versus Gabriel Vilardi in neutral zone.
15:58 of 2nd period - Wrist shot by Oskar Steen.
15:58 of 2nd period - Shot Blocked by Janis Moser.
16:18 of 2nd period - Penalty to Trey Fix-Wolansky is over, Trey Fix-Wolansky is back on ice.
16:48 of 2nd period - Wrist shot by Matias Maccelli.
16:48 of 2nd period - Stopped by Lukas Dostal with a rebound.
17:21 of 2nd period - Slapshot by Lucas Johansen.
17:21 of 2nd period - Shot Misses the Net.
17:31 of 2nd period - Maxence Guenette is hit by Trey Fix-Wolansky and loses puck.
17:54 of 2nd period - Snap shot by Joel Kiviranta.
17:54 of 2nd period - Stopped by Lukas Dostal with a rebound.
18:26 of 2nd period - Wrist shot by Gabriel Vilardi.
18:26 of 2nd period - Shot Misses the Net.
18:36 of 2nd period - Wrist shot by Victor Rask.
18:36 of 2nd period - Shot Misses the Net.
18:38 of 2nd period - Slapshot by Victor Rask.
18:38 of 2nd period - Shot Misses the Net.
18:40 of 2nd period - Snap shot by Gabriel Vilardi.
18:40 of 2nd period - Deflect By Victor Rask.
18:40 of 2nd period - Shot Blocked by Lucas Johansen.
18:40 of 2nd period - Puck is out of play.
18:41 of 2nd period - Jujhar Khaira wins face-off versus Ty Dellandrea in Kelowna Rockets zone.
18:42 of 2nd period - Snap shot by Jansen Harkins.
18:42 of 2nd period - Stopped by Eetu Makiniemi with a rebound.
18:44 of 2nd period - Snap shot by Jujhar Khaira.
18:44 of 2nd period - Shot Blocked by Cale Fleury.
18:46 of 2nd period - Wrist shot by Jujhar Khaira.
18:46 of 2nd period - Shot Blocked by Jasper Weatherby.
Goals for this period are 4 for Long Beach Ice Dogs vs 1 for Kelowna Rockets.
Shots for this period are 10 for Long Beach Ice Dogs vs 18 for Kelowna Rockets.
3rd period
0:01 of 3rd period - Gabriel Vilardi wins face-off versus Ty Dellandrea in neutral zone.
0:07 of 3rd period - Icing by Ty Dellandrea.
0:08 of 3rd period - Gabriel Vilardi wins face-off versus Ty Dellandrea in Kelowna Rockets zone.
0:17 of 3rd period - Wrist shot by Darren Helm.
0:17 of 3rd period - Shot Blocked by Cale Fleury.
0:43 of 3rd period - Snap shot by Victor Rask.
0:43 of 3rd period - Shot Hit the Post.
0:57 of 3rd period - Wrist shot by Cale Fleury.
0:57 of 3rd period - Deflect By Givani Smith.
0:57 of 3rd period - Stopped by Lukas Dostal without a rebound.
0:58 of 3rd period - Jack Drury wins face-off versus Gabriel Vilardi in Long Beach Ice Dogs zone.
0:59 of 3rd period - Snap shot by Givani Smith.
0:59 of 3rd period - Shot Misses the Net.
1:23 of 3rd period - Alex Galchenyuk is hit by Jasper Weatherby and loses puck.
1:46 of 3rd period - Wrist shot by Logan Brown.
1:46 of 3rd period - Deflect By Trey Fix-Wolansky.
1:46 of 3rd period - Shot Misses the Net.
1:46 of 3rd period - Puck is out of play.
1:47 of 3rd period - Logan Brown wins face-off versus Oskar Steen in Kelowna Rockets zone.
1:54 of 3rd period - Cale Fleury is hit by Shane Bowers and loses puck.
2:22 of 3rd period - Jacob Perreault is hit by Darren Helm and loses puck.
2:29 of 3rd period - Brendan Gallagher is hit by Jacob Perreault and loses puck.
2:40 of 3rd period - Maxence Guenette is hit by Jujhar Khaira and loses puck.
2:55 of 3rd period - Minor Penalty to Mathieu Olivier for Holding.
2:56 of 3rd period - Ty Dellandrea wins face-off versus Gabriel Vilardi in Long Beach Ice Dogs zone.
3:27 of 3rd period - Wrist shot by Cale Fleury.
3:27 of 3rd period - Stopped by Lukas Dostal with a rebound.
3:29 of 3rd period - Snap shot by Oskar Steen.
3:29 of 3rd period - Shot Misses the Net.
4:11 of 3rd period - Brendan Gallagher is hit by Maxence Guenette and loses puck.
4:55 of 3rd period - Penalty to Mathieu Olivier is over, Mathieu Olivier is back on ice.
5:09 of 3rd period - Alex Galchenyuk is hit by Givani Smith and loses puck.
5:30 of 3rd period - Wrist shot by Alex Galchenyuk.
5:30 of 3rd period - Goal by Alex Galchenyuk - Long Beach Ice Dogs : 5 - Kelowna Rockets : 1.
5:31 of 3rd period - Ty Dellandrea wins face-off versus Darren Helm in neutral zone.
5:34 of 3rd period - Slapshot by Jesse Ylonen.
5:34 of 3rd period - Shot Hit the Post.
5:36 of 3rd period - Snap shot by Cale Fleury.
5:36 of 3rd period - Stopped by Lukas Dostal with a rebound.
5:38 of 3rd period - Wrist shot by Ty Dellandrea.
5:38 of 3rd period - Shot Misses the Net.
6:19 of 3rd period - Givani Smith is hit by William Lagesson and loses puck.
6:47 of 3rd period - Snap shot by Justin Schultz.
6:47 of 3rd period - Stopped by Eetu Makiniemi without a rebound.
6:48 of 3rd period - Oskar Steen wins face-off versus Gabriel Vilardi in Kelowna Rockets zone.
6:48 of 3rd period - Oskar Steen is hit by Brendan Gallagher.
6:56 of 3rd period - Wrist shot by Brendan Gallagher.
6:56 of 3rd period - Stopped by Eetu Makiniemi with a rebound.
6:58 of 3rd period - Wrist shot by Gabriel Vilardi.
6:58 of 3rd period - Stopped by Eetu Makiniemi without a rebound.
6:59 of 3rd period - Ty Dellandrea wins face-off versus Gabriel Vilardi in Kelowna Rockets zone.
7:04 of 3rd period - Slapshot by Max Lajoie.
7:04 of 3rd period - Stopped by Lukas Dostal with a rebound.
7:06 of 3rd period - Snap shot by Jesse Ylonen.
7:06 of 3rd period - Shot Blocked by Darren Helm.
7:08 of 3rd period - Wrist shot by Ty Dellandrea.
7:08 of 3rd period - Deflect By Jasper Weatherby.
7:08 of 3rd period - Shot Blocked by Riley Stillman.
7:08 of 3rd period - Puck is out of play.
7:09 of 3rd period - Ty Dellandrea wins face-off versus Gabriel Vilardi in Long Beach Ice Dogs zone.
7:12 of 3rd period - Wrist shot by Jasper Weatherby.
7:12 of 3rd period - Stopped by Lukas Dostal with a rebound.
7:14 of 3rd period - Slapshot by Max Lajoie.
7:14 of 3rd period - Stopped by Lukas Dostal with a rebound.
7:22 of 3rd period - Slapshot by Jasper Weatherby.
7:22 of 3rd period - Shot Blocked by Gabriel Vilardi.
7:24 of 3rd period - Wrist shot by Jesse Ylonen.
7:24 of 3rd period - Shot Misses the Net.
7:26 of 3rd period - Snap shot by Cale Fleury.
7:26 of 3rd period - Shot Misses the Net.
7:30 of 3rd period - Slapshot by Jasper Weatherby.
7:30 of 3rd period - Stopped by Lukas Dostal with a rebound.
7:32 of 3rd period - Snap shot by Ty Dellandrea.
7:32 of 3rd period - Shot Misses the Net.
7:36 of 3rd period - Snap shot by Ty Dellandrea.
7:36 of 3rd period - Stopped by Lukas Dostal without a rebound.
7:37 of 3rd period - Jujhar Khaira wins face-off versus Oskar Steen in Long Beach Ice Dogs zone.
7:42 of 3rd period - Snap shot by Dysin Mayo.
7:42 of 3rd period - Deflect By Oskar Steen.
7:42 of 3rd period - Stopped by Eetu Makiniemi with a rebound.
7:59 of 3rd period - Icing by Jujhar Khaira.
8:00 of 3rd period - Jujhar Khaira wins face-off versus Jack Drury in Long Beach Ice Dogs zone.
8:07 of 3rd period - Snap shot by Gabriel Vilardi.
8:07 of 3rd period - Stopped by Eetu Makiniemi with a rebound.
8:09 of 3rd period - Slapshot by Dysin Mayo.
8:09 of 3rd period - Deflect By Gabriel Vilardi.
8:09 of 3rd period - Stopped by Eetu Makiniemi with a rebound.
8:11 of 3rd period - Slapshot by Justin Schultz.
8:11 of 3rd period - Shot Blocked by Givani Smith.
8:16 of 3rd period - Minor Penalty to Givani Smith for Holding.
8:17 of 3rd period - Ty Dellandrea wins face-off versus Victor Rask in Kelowna Rockets zone.
8:53 of 3rd period - Backhand shot by Brendan Gallagher.
8:53 of 3rd period - Shot Misses the Net.
9:49 of 3rd period - Matias Maccelli is hit by Dysin Mayo and loses puck.
10:16 of 3rd period - Penalty to Givani Smith is over, Givani Smith is back on ice.
11:30 of 3rd period - Jesse Ylonen is hit by Gabriel Vilardi and loses puck.
11:49 of 3rd period - Off-side.
11:50 of 3rd period - Jujhar Khaira wins face-off versus Jack Drury in neutral zone.
11:53 of 3rd period - Jack Drury is hit by Mathieu Olivier and loses puck.
11:58 of 3rd period - Wrist shot by Jujhar Khaira.
11:58 of 3rd period - Goal by Jujhar Khaira - Long Beach Ice Dogs : 6 - Kelowna Rockets : 1.
11:59 of 3rd period - Ty Dellandrea wins face-off versus Gabriel Vilardi in neutral zone.
12:02 of 3rd period - Wrist shot by Jesse Ylonen.
12:02 of 3rd period - Deflect By Jasper Weatherby.
12:02 of 3rd period - Stopped by Lukas Dostal without a rebound.
12:03 of 3rd period - Ty Dellandrea wins face-off versus Gabriel Vilardi in Long Beach Ice Dogs zone.
12:14 of 3rd period - Snap shot by Gabriel Vilardi.
12:14 of 3rd period - Deflect By Brendan Gallagher.
12:14 of 3rd period - Stopped by Eetu Makiniemi without a rebound.
12:15 of 3rd period - Ty Dellandrea wins face-off versus Gabriel Vilardi in Kelowna Rockets zone.
12:15 of 3rd period - Ty Dellandrea is hit by Brendan Gallagher.
12:18 of 3rd period - Icing by Jasper Weatherby.
12:19 of 3rd period - Gabriel Vilardi wins face-off versus Ty Dellandrea in Kelowna Rockets zone.
12:46 of 3rd period - Wrist shot by Alex Galchenyuk.
12:46 of 3rd period - Stopped by Eetu Makiniemi with a rebound.
12:54 of 3rd period - Wrist shot by Victor Rask.
12:54 of 3rd period - Shot Blocked by Max Lajoie.
13:38 of 3rd period - Snap shot by Trey Fix-Wolansky.
13:38 of 3rd period - Shot Misses the Net.
13:58 of 3rd period - Snap shot by Gabriel Vilardi.
13:58 of 3rd period - Stopped by Eetu Makiniemi with a rebound.
14:10 of 3rd period - Zack Kassian is hit by Jacob Perreault.
14:46 of 3rd period - Oskari Laaksonen is hit by Riley Stillman and loses puck.
15:03 of 3rd period - Snap shot by Brendan Gallagher.
15:03 of 3rd period - Shot Misses the Net.
15:05 of 3rd period - Snap shot by Riley Stillman.
15:05 of 3rd period - Stopped by Eetu Makiniemi with a rebound.
15:13 of 3rd period - Jasper Weatherby is hit by Brendan Gallagher and loses puck.
15:48 of 3rd period - Icing by Janis Moser.
15:49 of 3rd period - Mathieu Olivier wins face-off versus Jack Drury in Long Beach Ice Dogs zone.
15:56 of 3rd period - Wrist shot by Jujhar Khaira.
15:56 of 3rd period - Stopped by Eetu Makiniemi without a rebound.
15:57 of 3rd period - Gabriel Vilardi wins face-off versus Givani Smith in Kelowna Rockets zone.
15:58 of 3rd period - Wrist shot by Brendan Gallagher.
15:58 of 3rd period - Shot Misses the Net.
16:00 of 3rd period - Slapshot by Gabriel Vilardi.
16:00 of 3rd period - Shot Misses the Net.
16:02 of 3rd period - Slapshot by Dysin Mayo.
16:02 of 3rd period - Shot Blocked by Max Lajoie.
16:04 of 3rd period - Snap shot by Gabriel Vilardi.
16:04 of 3rd period - Stopped by Eetu Makiniemi without a rebound.
16:05 of 3rd period - Gabriel Vilardi wins face-off versus Ty Dellandrea in Kelowna Rockets zone.
16:56 of 3rd period - Slapshot by Janis Moser.
16:56 of 3rd period - Shot Blocked by Matias Maccelli.
17:02 of 3rd period - Trey Fix-Wolansky is hit by Oskar Steen and loses puck.
17:15 of 3rd period - Backhand shot by Joel Kiviranta.
17:15 of 3rd period - Deflect By Matias Maccelli.
17:15 of 3rd period - Stopped by Lukas Dostal without a rebound.
17:16 of 3rd period - Ty Dellandrea wins face-off versus Gabriel Vilardi in Long Beach Ice Dogs zone.
17:43 of 3rd period - Off-side.
17:44 of 3rd period - Jacob Perreault wins face-off versus Zack Kassian in neutral zone.
17:56 of 3rd period - Off-side.
17:57 of 3rd period - Gabriel Vilardi wins face-off versus Ty Dellandrea in neutral zone.
18:46 of 3rd period - Dysin Mayo is hit by Arnaud Durandeau and loses puck.
18:54 of 3rd period - Off-side.
18:55 of 3rd period - Jack Drury wins face-off versus Brendan Gallagher in neutral zone.
Goals for this period are 2 for Long Beach Ice Dogs vs 0 for Kelowna Rockets.
Shots for this period are 14 for Long Beach Ice Dogs vs 10 for Kelowna Rockets.
Back to the Top